AoeStats
← KingRiles

Arena

509705401Analyzed
3v3 RM · 4d ago on Sep 27, 2026· 23m 5s· 6 players
Game mode
Random Map
Map size
Normal (6 player)
Population
200
Speed
Normal
Resources
Standard
Victory
Conquest
Starting age
Dark Age
Ending age
Imperial Age
RankedLock teamsTeams togetherTeam positionsShared explorationLock speedFull tech treeHidden civsTurbo modeCheats
Victory
Defeat
🇷🇺 Italians · Russia
1007
+14
🇷🇺 Bulgarians · Russia
985
+15
🇺🇸 Goths · United States
981
+15
🇺🇸 Aztecs · United States
999
-16
🇺🇸 Wu · United States
955
-14
🇺🇸 Poles · United States
951
-14
KingClueless
10:47 Feudal Age
15:18 Castle Age
17:15 Loom
21:10 Double-Bit Axe
KingRiles
5:48 Loom
12:06 Feudal Age
16:15 Castle Age
21:07 Fletching
CodyWyoming82414
11:30 Feudal Age
12:26 Loom
15:19 Castle Age
14:50 Double-Bit Axe
14:46 Horse Collar
15:04 Stone Mining
15:37 Gold Mining
Acid Dag
0:27 Loom
11:54 Feudal Age
12:20 Double-Bit Axe
12:56 Horse Collar
14:53 Man-at-Arms
21:34 Castle Age
19:57 Scale Mail Armor
20:14 Gold Mining
21:08 Fletching
22:28 Bodkin Arrow
23:13 Squires
gafilter
10:41 Feudal Age
14:46 Castle Age
13:37 Fletching
14:35 Loom
15:42 Bodkin Arrow
19:50 Horse Collar
21:41 Double-Bit Axe
23:28 Heavy Plow
shamix709
2:48 Loom
10:51 Feudal Age
11:27 Double-Bit Axe
11:50 Gold Mining
11:58 Horse Collar
16:31 Wheelbarrow
18:37 Fletching
22:09 Castle Age
20:35 Stone Mining
23:07 Bow Saw
23:02 Heavy Plow
23:32 Bodkin Arrow
Connection lost

Rejoining the realm…

Still unreachable

The connection could not be restored.

Session expired

The server has moved on; the page needs a fresh start.